IL
COLUMBUS JETS @ ROCHESTER RED WINGS
09/08/1982
 
TOP OF THE 1ST
Columbus Jets batting - Pitching for Rochester Red Wings : RHP Mike Moore
Pitching: RHP Mike Moore
Batting: RHB Greg Schultz 0-0: Ball
1-0: Ball
2-0: Foul Ball, location: 2F
2-1: Ground out 5-3 (Groundball, 56, EV 108.8 MPH)
Batting: RHB Jim Maler 0-0: Ball
1-0: Called Strike
1-1: Ball
2-1: Foul Ball, location: 2F
2-2: Ball
3-2: Strikes out swinging
Batting: RHB Danny Tartabull 0-0: Fly out, F7 (Flyball, 7, EV 83.1 MPH)
Top of the 1st over - 0 runs, 0 hits, 0 errors, 0 left on base; Columbus 0 - Rochester 0
BOTTOM OF THE 1ST
Rochester Red Wings batting - Pitching for Columbus Jets : LHP Larry Edwards
Pitching: LHP Larry Edwards
Batting: RHB Gerry Davis 0-0: Ground out 6-3 (Groundball, 4MD, EV 83.8 MPH)
Batting: SHB Jordan Ayala 0-0: Foul Ball, location: 2F
0-1: Ball
1-1: Ball
2-1: Fly out, F8 (Flyball, 8RS, EV 85.6 MPH)
Batting: RHB Johnnie LeMaster 0-0: Fly out, F1 (Line Drive, P, EV 66.9 MPH)
Bottom of the 1st over - 0 runs, 0 hits, 0 errors, 0 left on base; Columbus 0 - Rochester 0
TOP OF THE 2ND
Columbus Jets batting - Pitching for Rochester Red Wings : RHP Mike Moore
Batting: LHB Larry Sheets 0-0: Foul Ball, location: 2F
0-1: Ground out 5-3 (Groundball, 56S, EV 68.1 MPH)
Batting: RHB Jackie Gutierrez 0-0: Ball
1-0: Foul Ball, location: 2F
1-1: SINGLE (Groundball, 6MD, EV 105.6 MPH)
Batting: LHB Paul Hollins 0-0: Ball
1-0: Called Strike
1-1: Ball
2-1: Ball
3-1: Swinging Strike
3-2: Fly out, F2 (Popup, 2RF, EV 94.4 MPH)
Batting: RHB Michael Ventress 0-0: Foul Ball, location: 2F
0-1: Foul Ball, location: 2F
0-2: Strikes out swinging
Top of the 2nd over - 0 runs, 1 hit, 0 errors, 1 left on base; Columbus 0 - Rochester 0
BOTTOM OF THE 2ND
Rochester Red Wings batting - Pitching for Columbus Jets : LHP Larry Edwards
Batting: RHB Joe Carter 0-0: Called Strike
0-1: Called Strike
0-2: Fly out, F8 (Line Drive, 8LM, EV 91.3 MPH)
Batting: LHB Sid Bream 0-0: Ground out 6-3 (Groundball, 6, EV 93.1 MPH)
Batting: RHB Edwin Agudelo 0-0: DOUBLE (Line Drive, 7LS, EV 99.4 MPH)
Batting: LHB Ed Amelung 0-0: Ball
1-0: Fly out, F9 (Flyball, 89D, EV 103.8 MPH)
Bottom of the 2nd over - 0 runs, 1 hit, 0 errors, 1 left on base; Columbus 0 - Rochester 0
TOP OF THE 3RD
Columbus Jets batting - Pitching for Rochester Red Wings : RHP Mike Moore
Batting: RHB Glenn Goya 0-0: Ball
1-0: Fly out, F7 (Flyball, 7D, EV 102.5 MPH)
Batting: LHB Mike Lebo 0-0: Swinging Strike
0-1: Ground out 4-3 (Groundball, 4, EV 83.1 MPH)
Batting: RHB Greg Schultz 0-0: Ball
1-0: Called Strike
1-1: Ball
2-1: Called Strike
2-2: Strikes out swinging
Top of the 3rd over - 0 runs, 0 hits, 0 errors, 0 left on base; Columbus 0 - Rochester 0
BOTTOM OF THE 3RD
Rochester Red Wings batting - Pitching for Columbus Jets : LHP Larry Edwards
Batting: RHB Tom Brookens 0-0: Foul Ball, location: 2F
0-1: Ball
1-1: Ball
2-1: Foul Ball, location: 2F
2-2: Ball
3-2: Strikes out looking
Batting: RHB Jerry Dybzinski 0-0: Fly out, F8 (Flyball, 78M, EV 88.1 MPH)
Batting: RHB Gerry Davis 0-0: Ball
1-0: Ball
2-0: DOUBLE (Line Drive, 7LM, EV 98.8 MPH)
Batting: SHB Jordan Ayala 0-0: Called Strike
0-1: Fly out, F8 (Flyball, 78M, EV 84.4 MPH)
Bottom of the 3rd over - 0 runs, 1 hit, 0 errors, 1 left on base; Columbus 0 - Rochester 0
TOP OF THE 4TH
Columbus Jets batting - Pitching for Rochester Red Wings : RHP Mike Moore
Batting: RHB Jim Maler 0-0: Foul Ball, location: 2F
0-1: Foul Ball, location: 2F
0-2: Ball
1-2: Foul Ball, location: 2F
1-2: Foul Ball, location: 2F
1-2: Foul Ball, location: 2F
1-2: Foul Ball, location: 2F
1-2: Foul Ball, location: 2F
1-2: Foul Ball, location: 2F
1-2: Strikes out swinging
Batting: RHB Danny Tartabull 0-0: Ball
1-0: Ball
2-0: Ground out 5-3 (Groundball, 5L, EV 106.3 MPH)
Batting: LHB Larry Sheets 0-0: Foul Ball, location: 2F
0-1: Ground out 6-3 (Groundball, 6, EV 91.3 MPH)
Top of the 4th over - 0 runs, 0 hits, 0 errors, 0 left on base; Columbus 0 - Rochester 0
BOTTOM OF THE 4TH
Rochester Red Wings batting - Pitching for Columbus Jets : LHP Larry Edwards
Batting: RHB Johnnie LeMaster 0-0: Ground out 4-3 (Groundball, 34, EV 83.8 MPH)
Batting: RHB Joe Carter 0-0: Ball
1-0: Ball
2-0: SINGLE (Groundball, 56D, EV 102.5 MPH)
Batting: LHB Sid Bream 0-0: Swinging Strike
0-1: Foul Ball, location: 2F
0-2: Ball
1-2: Strikes out looking
Batting: RHB Edwin Agudelo 0-0: Ball
Joe Carter is caught stealing 2nd base 2-4
Bottom of the 4th over - 0 runs, 1 hit, 0 errors, 0 left on base; Columbus 0 - Rochester 0
TOP OF THE 5TH
Columbus Jets batting - Pitching for Rochester Red Wings : RHP Mike Moore
Batting: RHB Jackie Gutierrez 0-0: Foul Ball, location: 2F
0-1: Ball
1-1: Ball
2-1: DOUBLE (Flyball, 8LD, EV 103.8 MPH)
Batting: LHB Paul Hollins 0-0: Called Strike
0-1: Ball
1-1: Ball
2-1: Reached via error on a dropped throw from 3B, E3 (Groundball, 56, EV 110.6 MPH)
Jackie Gutierrez to third
Batting: RHB Michael Ventress 0-0: Swinging Strike
0-1: Ball
1-1: Foul Ball, location: 2F
1-2: Ball
2-2: Ball
Wild Pitch!
Jackie Gutierrez scores
Paul Hollins to second
3-2: SINGLE (Flyball, 89S, EV 98.1 MPH)
Paul Hollins to third
Runner from 3rd tries for Home, SAFE, throw by CF to home
Batting: RHB Glenn Goya 0-0: Called Strike
0-1: DOUBLE (Groundball, 3L, EV 101.9 MPH)
Michael Ventress to third
Batting: LHB Mike Lebo 0-0: Called Strike
0-1: Ball
1-1: Swinging Strike
1-2: Ball
2-2: Foul Ball, location: 2F
2-2: Strikes out swinging
Batting: RHB Greg Schultz 0-0: Ball
1-0: Foul Ball, location: 2F
1-1: Ground out 5-3 (Groundball, 5L, EV 87.5 MPH)
Batting: RHB Jim Maler 0-0: Ball
1-0: Called Strike
1-1: Swinging Strike
1-2: Strikes out swinging
Top of the 5th over - 2 runs, 3 hits, 1 error, 2 left on base; Columbus 2 - Rochester 0
BOTTOM OF THE 5TH
Rochester Red Wings batting - Pitching for Columbus Jets : LHP Larry Edwards
Batting: RHB Edwin Agudelo 0-0: Ball
1-0: Called Strike
1-1: DOUBLE (Line Drive, 78D, EV 106.3 MPH)
Batting: LHB Ed Amelung 0-0: Ball
1-0: Fly out, F5 (Popup, 25F, EV 80.0 MPH)
Batting: RHB Tom Brookens 0-0: Fly out, F8 (Flyball, 8LD, EV 92.5 MPH)
Batting: RHB Jerry Dybzinski 0-0: SINGLE (Groundball, 34D, EV 104.4 MPH)
Edwin Agudelo to third
Runner from 3rd tries for Home, SAFE, throw by RF to home
Batting: RHB Gerry Davis 0-0: Ball
1-0: Ground out 5-3 (Groundball, 5S, EV 70.6 MPH)
Bottom of the 5th over - 1 run, 2 hits, 0 errors, 1 left on base; Columbus 2 - Rochester 1
TOP OF THE 6TH
Columbus Jets batting - Pitching for Rochester Red Wings : RHP Mike Moore
Batting: RHB Danny Tartabull 0-0: Fly out, F7 (Line Drive, 7D, EV 86.9 MPH)
Batting: LHB Larry Sheets 0-0: Called Strike
0-1: Foul Ball, location: 2F
0-2: Strikes out swinging
Batting: RHB Jackie Gutierrez 0-0: Ball
1-0: Ball
2-0: Ball
3-0: Called Strike
3-1: Fly out, F8 (Flyball, 89D, EV 108.1 MPH)
Top of the 6th over - 0 runs, 0 hits, 0 errors, 0 left on base; Columbus 2 - Rochester 1
BOTTOM OF THE 6TH
Rochester Red Wings batting - Pitching for Columbus Jets : LHP Larry Edwards
Batting: SHB Jordan Ayala 0-0: Swinging Strike
0-1: Ball
1-1: Ground out 6-3 (Groundball, 6, EV 85.6 MPH)
Batting: RHB Johnnie LeMaster 0-0: Ball
1-0: Called Strike
1-1: Ground out 6-3 (Groundball, 6S, EV 86.9 MPH)
Batting: RHB Joe Carter 0-0: Ground out 6-3 (Groundball, 6, EV 79.4 MPH)
Bottom of the 6th over - 0 runs, 0 hits, 0 errors, 0 left on base; Columbus 2 - Rochester 1
TOP OF THE 7TH
Columbus Jets batting - Pitching for Rochester Red Wings : RHP Mike Moore
Batting: LHB Paul Hollins 0-0: Ground out 4-3 (Groundball, 4S, EV 85.0 MPH)
Batting: RHB Michael Ventress 0-0: Foul Ball, location: 2F
0-1: Swinging Strike
0-2: Fly out, F8 (Line Drive, 8LD, EV 88.8 MPH)
Batting: RHB Glenn Goya 0-0: Ball
1-0: Foul Ball, location: 2F
1-1: Ball
2-1: Foul Ball, location: 2F
2-2: Ground out 1-3 (Groundball, 13S, EV 65.0 MPH)
Top of the 7th over - 0 runs, 0 hits, 0 errors, 0 left on base; Columbus 2 - Rochester 1
BOTTOM OF THE 7TH
Rochester Red Wings batting - Pitching for Columbus Jets : LHP Larry Edwards
Batting: LHB Sid Bream 0-0: Ball
1-0: Foul Ball, location: 2F
1-1: Swinging Strike
1-2: Fly out, F8 (Flyball, 8LM, EV 92.5 MPH)
Batting: RHB Edwin Agudelo 0-0: Called Strike
0-1: Ball
1-1: Ball
2-1: Ball
3-1: Base on Balls
Pinch Hitting: RHB Bob Pate 0-0: Foul Ball, location: 2F
0-1: Called Strike
0-2: Strikes out looking
Edwin Agudelo steals 2nd base (no throw)
Batter strikes out.
Pinch Hitting: RHB Pat Casey 0-0: Called Strike
0-1: Ball
1-1: Ball
2-1: Called Strike
2-2: Strikes out swinging
Bottom of the 7th over - 0 runs, 0 hits, 0 errors, 1 left on base; Columbus 2 - Rochester 1
TOP OF THE 8TH
Columbus Jets batting - Pitching for Rochester Red Wings : RHP Mike Moore
Now at 3B: Marc Rhea
Now in CF: Mario Delgado
Batting: LHB Mike Lebo 0-0: Called Strike
0-1: Swinging Strike
0-2: Strikes out swinging
Batting: RHB Greg Schultz 0-0: Ball
1-0: Ball
2-0: Swinging Strike
2-1: Swinging Strike
2-2: Foul Ball, location: 2F
2-2: Strikes out looking
Batting: RHB Jim Maler 0-0: Swinging Strike
0-1: Called Strike
0-2: Ball
1-2: Strikes out swinging
Top of the 8th over - 0 runs, 0 hits, 0 errors, 0 left on base; Columbus 2 - Rochester 1
BOTTOM OF THE 8TH
Rochester Red Wings batting - Pitching for Columbus Jets : LHP Larry Edwards
Now in RF: Dave Bialas
Batting: RHB Jerry Dybzinski 0-0: Ball
1-0: Foul Ball, location: 2F
1-1: SINGLE (Line Drive, 78S, EV 95.0 MPH)
Batting: RHB Gerry Davis 0-0: Called Strike
0-1: Ball
1-1: Foul Ball, location: 2F
1-2: Ball
2-2: Fly out, F8 (Flyball, 8RXD, EV 95.0 MPH)
Batting: SHB Jordan Ayala 0-0: Ball
1-0: Fly out, F8 (Flyball, 8LM, EV 93.8 MPH)
Pinch Hitting: RHB Chris Johnston 0-0: Ball
1-0: Foul Ball, location: 2F
1-1: Foul Ball, location: 2F
1-2: Ball
2-2: Foul Ball, location: 2F
2-2: Ball
3-2: Foul Ball, location: 2F
3-2: SINGLE (Groundball, 56D, EV 108.8 MPH)
Jerry Dybzinski to second
Jerry Dybzinski to third
Batting: RHB Joe Carter 0-0: Ball
1-0: Foul Ball, location: 2F
1-1: Ball
2-1: Ball
3-1: Base on Balls
Chris Johnston to second
Batting: LHB Sid Bream 0-0: Ball
1-0: Called Strike
1-1: Foul Ball, location: 2F
1-2: Ball
2-2: Fly out, F8 (Flyball, 8LM, EV 92.5 MPH)
Bottom of the 8th over - 0 runs, 2 hits, 0 errors, 3 left on base; Columbus 2 - Rochester 1
TOP OF THE 9TH
Columbus Jets batting - Pitching for Rochester Red Wings : RHP Mike Moore
Pitching: LHP Ray Searage
Now at 2B: Dave Miele
Batting: RHB Danny Tartabull 0-0: Ball
1-0: Called Strike
1-1: Ball
2-1: Foul Ball, location: 2F
2-2: Ball
3-2: SINGLE (Flyball, 8LS, EV 83.8 MPH)
Batting: LHB Larry Sheets 0-0: Ball
1-0: Fielders Choice at 2nd, 4-6 (Groundball, 4, EV 84.4 MPH)
Batting: RHB Jackie Gutierrez 0-0: Called Strike
0-1: Called Strike
0-2: Ball
1-2: Grounds into double play, 1-6-3 (Groundball, 34S, EV 61.9 MPH)
Top of the 9th over - 0 runs, 1 hit, 0 errors, 0 left on base; Columbus 2 - Rochester 1
BOTTOM OF THE 9TH
Rochester Red Wings batting - Pitching for Columbus Jets : LHP Larry Edwards
Pitching: RHP Owen Foley
Batting: RHB Edwin Agudelo 0-0: Foul Ball, location: 2F
0-1: Ball
1-1: Fly out, F7 (Flyball, 78S, EV 89.4 MPH)
Batting: RHB Marc Rhea 0-0: Ball
1-0: Ball
2-0: Ball
3-0: Called Strike
3-1: Base on Balls
Batting: LHB Mario Delgado 0-0: Ball
1-0: Fly out, F9 (Flyball, 9, EV 79.4 MPH)
Batting: RHB Jerry Dybzinski 0-0: Called Strike
0-1: Foul Ball, location: 2F
0-2: Ball
1-2: Foul Ball, location: 2F
1-2: Ball
2-2: Foul Ball, location: 2F
2-2: Ground out 1-3 (Groundball, P, EV 75.6 MPH)
Bottom of the 9th over - 0 runs, 0 hits, 0 errors, 1 left on base; Columbus 2 - Rochester 1
Friday, August 28th, 2020 - OOTP Baseball 21.5 Build 76